 Dungeon Crawl Stone Soup version 0.17.2-1-ge4368a0 (webtiles) character file.

4634 jacquesderrida the Grappler (level 10, -7/53 HPs)
             Began as a Vine Stalker Wanderer on Sept 30, 2016.
             Was an Elder of Cheibriados.
             Engulfed by a cloud of flame (12 damage)
             ... on level 9 of the Dungeon.
             The game lasted 00:24:10 (2982 turns).

jacquesderrida the Grappler (Vine Stalker Wanderer) Turns: 2982, Time: 00:24:10

Health: -7/53      AC:  9    Str: 25    XL:     10   Next: 43%
Magic:  0/23       EV: 16    Int: 26    God:    Cheibriados [****..]
Gold:   142        SH:  0    Dex: 29    Spells: 0 memorised, 9 levels left

rFire  . . .     SeeInvis .       - Unarmed
rCold  . . .     Clarity  .     v - +1 scale mail "Xeosehehui" {rPois Dex+6}
rNeg   + . .     SustAt   .     (no shield)
rPois  +         Gourm    .     (no helmet)
rElec  .         Spirit   +     (no cloak)
rCorr  .         Warding  +     w - +1 pair of gloves
rMut   .         Stasis   .     (no boots)
MR     +....                    l - amulet of warding
Stlth  +.........               (no ring)
                                C - ring of magical power

@: very slow, somewhat resistant to hostile enchantments, very unstealthy
A: fangs 3, regeneration 2, magic shield, antimagic bite, no device heal 3, rot
immunity
a: Bend Time, Temporal Distortion, Slouch, Renounce Religion


You were on level 9 of the Dungeon.
You worshipped Cheibriados.
Cheibriados was greatly pleased with you.
You were not hungry.

You visited 1 branch of the dungeon, and saw 9 of its levels.

You collected 344 gold pieces.
You spent 202 gold pieces at shops.

Inventory:

Hand Weapons
 d - a +1 hand axe of flaming
Missiles
 j - 5 javelins of returning (quivered)
 n - 17 poisoned needles
Armour
 a - a +2 scale mail
 b - a +2 chain mail of magic resistance
 v - the +1 scale mail "Xeosehehui" (worn) {rPois Dex+6}
   (You found it on level 7 of the Dungeon)

   It affects your dexterity (+6).
   It protects you from poison.
 w - a +1 pair of gloves (worn)
Jewellery
 l - an amulet of warding (around neck)
 C - a ring of magical power (left hand)
Wands
 c - a wand of confusion (40)
 B - a wand of flame (34)
 D - a wand of draining (9)
 E - a wand of magic darts (18)
Scrolls
 h - 7 scrolls of remove curse
 k - a scroll of fear
 q - a scroll of blinking
 t - a scroll of amnesia
 x - 2 scrolls of magic mapping
Potions
 f - 3 potions of magic
 i - 3 potions of curing
 m - a potion of might
 r - 2 potions of brilliance
 u - a potion of agility
Books
 s - an Akashic Record

   Spells                             Type                      Level
   a - Dispersal                      Translocation                6
   b - Malign Gateway                 Summoning/Translocation      7
   c - Disjunction                    Translocation                8
   d - Controlled Blink               Translocation                8
Miscellaneous
 y - a box of beasts
Comestibles
 e - 3 bread rations
 g - a meat ration
 o - 8 beef jerkies
 z - a slice of pizza
 A - 9 royal jellies


   Skills:
 + Level 6.9 Fighting
 - Level 2.6 Axes
 - Level 1.7 Throwing
 - Level 2.4 Armour
 + Level 5.5 Dodging
 * Level 10.2 Unarmed Combat
 + Level 4.3 Invocations


You had 9 spell levels left.
You didn't know any spells.

Dungeon Overview and Level Annotations

Branches:
Dungeon (9/15)             Temple (0/1) D:6
   Lair: D:8-11         Orc: D:9-12

Altars:
Ashenzari
Cheibriados
Qazlal
Xom
Yredelemnul
The Shining One
Jiyva

Shops:
D:5 ?   D:7 ?

Annotations:
D:7 jazmu's ghost, novice GrWn


Innate Abilities, Weirdness & Mutations

You have razor-sharp teeth.
You heal very quickly.
When hurt, damage is shared between your health and your magic reserves.
Your bite disrupts and absorbs the magic of your enemies.
Potions and wands cannot restore your health.
You are immune to rotting.


Message History

Cheibriados thoroughly appreciates the change of pace. x2
Your Invocations skill increases to level 4!
The fiery explosion engulfs the queen bee.
The queen bee explodes!
Cheibriados thoroughly appreciates the change of pace.
You can now step out of the time flow.
Cheibriados raises the support of your attributes as your movement slows.
You feel a bit more experienced.
Cheibriados appreciates the change of pace.
Cheibriados thoroughly appreciates the change of pace. x5
You feel a bit more experienced.
Cheibriados thoroughly appreciates the change of pace. x2
The fiery explosion engulfs you!
* * * LOW HITPOINT WARNING * * *
Cheibriados thoroughly appreciates the change of pace.
You feel somewhat more hungry.
You can no longer step out of the time flow.
Cheibriados reduces the support of your attributes as your movement quickens.
You are engulfed in roaring flames.
You die...

# #.# #..>(..# #
#.# #§§§ ######.#
# #.# #§§§ #.# #
#.# #§§§ ###.# §§§
####...## §§
#.......#####
###§##...........#
#
#.#§§###.###.###.#
##. ###.##@# ##
..## #.# ..#
#......# ### #.#
## ## #.##.....##
#.# .< .#
#........# #.#
.###.#.#.......#
#.#
.....##.......#
#.#
#.##.##.#####.#
###.#
#.#.........#.###
#...# #
#...#######.#...#
#.###


There were no monsters in sight!

Vanquished Creatures
  A queen bee (D:9)
  A soldier ant (D:8)
  A hippogriff (D:8)
  2 ice beasts (D:7)
  Duvessa (D:6)
  A black bear (D:8)
  2 sky beasts
  2 phantoms (D:6)
  5 ogres
  An orc warrior (D:6)
  2 wasps (D:8)
  A necrophage (D:7)
  Blork the orc (D:4)
  2 centaurs
  Dowan (D:6)
  6 giant frogs
  2 scorpions
  A wyvern skeleton (D:7)
  23 killer bees (D:9)
  4 crimson imps
  A centaur zombie (D:6)
  An orc priest (D:8)
  2 jellies (D:7)
  A giant frog zombie (D:8)
  2 orc wizards
  A giant frog skeleton (D:4)
  An iguana (D:5)
  10 worker ants
  A worker ant zombie (D:9)
  6 gnolls
  4 adders
  2 shadow imps
  2 oozes (D:7)
  An adder skeleton (D:7)
  A worm (D:8)
  11 orcs
  A giant cockroach (D:3)
  2 hobgoblins (D:2)
  13 jackals
  2 quokkas
  2 giant geckos
  2 giant newts
  3 goblins
  2 kobolds
  A quokka skeleton (D:9)
  2 quokka zombies (D:7)
  A rat (D:3)
138 creatures vanquished.

Notes
Turn   | Place    | Note
--------------------------------------------------------------
     0 | D:1      | jacquesderrida the Vine Stalker Wanderer began the quest for the Orb.
     0 | D:1      | jacquesderrida set off with: a +2 scale mail, a scroll of teleportation, a potion of lignification, a +0 club, a bread ration
     0 | D:1      | Reached XP level 1. HP: 11/11 MP: 2/2
   150 | D:2      | Reached skill level 1 in Unarmed Combat
   215 | D:2      | Reached XP level 2. HP: 15/15 MP: 3/3
   256 | D:2      | Reeeee
   263 | D:3      | Found a basalt altar of Yredelemnul.
   265 | D:3      | Found a shimmering altar of Xom.
   276 | D:3      | Found a stormy altar of Qazlal.
   332 | D:3      | EBAT
   394 | D:3      | Found a glowing golden altar of the Shining One.
   399 | D:3      | Found a snail-covered altar of Cheibriados.
   407 | D:3      | Became a worshipper of Cheibriados the Contemplative
   415 | D:3      | CHEIPIDAR
   470 | D:3      | Reached XP level 3. HP: 18/18 MP: 4/4
   659 | D:4      | Noticed Blork the orc
   665 | D:4      | Reached skill level 3 in Unarmed Combat
   665 | D:4      | Reached XP level 4. HP: 23/23 MP: 5/5
   674 | D:4      | Killed Blork the orc
   674 | D:4      | Reached XP level 5. HP: 27/27 MP: 6/6
   686 | D:4      | Reached skill level 4 in Unarmed Combat
   775 | D:4      | Reached * piety under Cheibriados
   807 | D:5      | Entered Level 5 of the Dungeon
   812 | D:5      | Gained mutation: You heal very quickly. [Vine Stalker growth]
   812 | D:5      | Reached XP level 6. HP: 28/32 MP: 7/7
   851 | D:5      | Found Zaeps's Magic Scroll Emporium.
   884 | D:5      | Bought a scroll of blinking for 112 gold pieces
   961 | D:5      | Pidarasy
   968 | D:4      | Noticed a scorpion
   968 | D:4      | Ohueli, chto li
   978 | D:5      | MRAZI!!!
  1016 | D:5      | Reached skill level 1 in Dodging
  1016 | D:5      | Reached skill level 5 in Unarmed Combat
  1108 | D:5      | Found a shattered altar of Ashenzari.
  1147 | D:5      | Mnoga
  1217 | D:5      | SUKER
  1248 | D:5      | Killed a scorpion
  1248 | D:5      | Reached XP level 7. HP: 14/37 MP: 6/8
  1350 | D:6      | Reached ** piety under Cheibriados
  1353 | D:6      | HI
  1353 | D:6      | IT ME
  1415 | D:6      | Found a staircase to the Ecumenical Temple.
  1430 | D:6      | Reached skill level 6 in Unarmed Combat
  1509 | D:6      | Gained mutation: You have razor-sharp teeth. [Vine Stalker growth]
  1509 | D:6      | Reached XP level 8. HP: 23/42 MP: 6/9
  1679 | D:7      | Noticed jazmu's ghost (novice GrWn)
  1721 | D:7      | Reached skill level 7 in Unarmed Combat
  1731 | D:7      | Reached skill level 5 in Fighting
  1764 | D:7      | Found a viscous altar of Jiyva.
  1869 | D:7      | Got a spiked scale mail
  1895 | D:7      | Identified the +1 scale mail "Xeosehehui" {rPois Dex+6} (You found it on level 7 of the Dungeon)
  1946 | D:7      | Reached *** piety under Cheibriados
  1984 | D:7      | Found Ashit's Magic Scroll Boutique.
  1997 | D:7      | Reached skill level 8 in Unarmed Combat
  1997 | D:7      | Reached XP level 9. HP: 25/47 MP: 10/10
  2014 | D:7      | Bought a scroll of magic mapping for 42 gold pieces
  2016 | D:7      | Bought a scroll of identify for 24 gold pieces
  2016 | D:7      | Bought a scroll of identify for 24 gold pieces
  2067 | D:6      | Noticed Dowan
  2072 | D:6      | Noticed Duvessa
  2073 | D:6      | Reached skill level 1 in Invocations
  2079 | D:6      | Killed Duvessa
  2088 | D:6      | Killed Dowan
  2453 | D:8      | Reached skill level 9 in Unarmed Combat
  2459 | D:8      | Reached **** piety under Cheibriados
  2860 | D:9      | Reached skill level 5 in Dodging
  2860 | D:9      | Reached XP level 10. HP: 51/53 MP: 13/13
  2982 | D:9      | Reached skill level 10 in Unarmed Combat
  2982 | D:9      | Reached ***** piety under Cheibriados
  2982 | D:9      | Engulfed by a cloud of flame

Action                   |  1- 3 |  4- 6 |  7- 9 | 10-12 || total
-------------------------+-------+-------+-------+-------++-------
Melee: Club              |    34 |       |       |       ||    34
       Unarmed           |    44 |   110 |   252 |    10 ||   416
Throw: Javelin           |     9 |    43 |     6 |       ||    58
Invok: Slouch            |       |       |       |     1 ||     1
Evoke: Wand              |       |       |    15 |       ||    15
  Use: Potion            |     1 |       |       |       ||     1
       Scroll            |       |     2 |    15 |     1 ||    18
 Stab: Confused          |       |       |     9 |       ||     9
  Eat: Bread ration      |       |     1 |       |       ||     1
